 Dungeon Crawl Stone Soup version 0.31-a0-876-gfe8ebadbca (webtiles) character file.

Game seed: 17412012822036360101

108 Gladio the Trooper (level 4, -2/29 HPs)
             Began as a Gargoyle Fighter on Oct 13, 2023.
             Was an Initiate of the Shining One.
             Slain by a fire elemental (10 damage)
             ... created by the fiery vengeance of Ignis
             ... on level 1 of the Dungeon.
             The game lasted 00:03:15 (1480 turns).

Gladio the Trooper (Gargoyle Fighter)               Turns: 1480, Time: 00:03:15

Health: -2/29      AC: 11    Str: 21    XL:     4   Next: 87%
Magic:  4/4        EV:  9    Int:  9    God:    the Shining One [......]
Gold:   98         SH:  4    Dex:  9    Spells: 3/3 levels left

rFire   . . .        a - +0 flail
rCold   . . .        c - +0 buckler
rNeg    + . .        b - +0 scale mail
rPois   ∞            (no helmet)
rElec   +            (no cloak)
rCorr   .            f - +0 pair of gloves
SInv    .            (no boots)
Will    .....        (no amulet) Stlth
                     (no ring)
HPRegen 0.24/turn    (no ring)
MPRegen 0.09/turn

%: no passive effects
@: glowing, fire susceptible
A: sickness immunity, AC +3, negative energy resistance 1, electricity
resistance, torment resistance 1, petrification resistance
a: Renounce Religion


You were on level 1 of the Dungeon.
You worshipped the Shining One.
The Shining One was noncommittal.
You visited 1 branch of the dungeon, and saw 2 of its levels.

You collected 98 gold pieces.

Inventory:

Hand Weapons
 a - a +0 flail (weapon)
 l - a +0 whip of flaming
Missiles
 d - 2 throwing nets
 h - 5 boomerangs (quivered)
 j - 6 poisoned darts
Armour
 b - a +0 scale mail (worn)
 c - a +0 buckler (worn)
 f - a +0 pair of gloves (worn)
Jewellery
 n - a ring of wizardry
Scrolls
 k - a scroll of butterflies {unknown}
 m - a scroll of enchant armour {unknown}
Potions
 e - a potion of heal wounds {unknown}
 g - a potion of lignification {unknown}
 i - a potion of curing {unknown}
 o - a potion of mutation {unknown}


   Skills:
 + Level 3.9 Fighting
 * Level 3.3 Maces & Flails
 + Level 3.8 Armour
 + Level 3.9 Shields
 + Level 1.0 Invocations


You had 3 spell levels left.
You didn't know any spells.
Your spell library was empty.

Dungeon Overview and Level Annotations

Branches:
Dungeon (2/15)

Altars:
The Shining One
Ignis

Annotations:
D:2 Robin


Innate Abilities, Weirdness & Mutations

You are immune to sickness and miasma.
Your stone body is resilient. (AC +3)
You are immune to poison.
You resist negative energy. (rN+)
You are resistant to electric shocks. (rElec)
You are resistant to unholy torment.
You are immune to petrification.


Message History

The gnoll is lightly wounded.
The gnoll closely misses you. The gnoll hits you but does no damage.
Robin throws the goblin at you!
You barely miss the goblin.
The gnoll hits you from afar with a +0 spear.
The goblin hits you but does no damage.
You sock the goblin!
You kill the goblin!
Robin roars a battlecry!
The goblin goes into a battle-frenzy!
The gnoll barely misses you. The gnoll hits you but does no damage.
You hear a shout!
Your Invocations skill increases to level 1!
Things that are here:
a +0 dagger; 3 stones Robin roars a battlecry!
The gnoll attacks as it pursues you!
The gnoll hits you from afar with a +0 spear.
* * * LOW HITPOINT WARNING * * *
You hear an angry hiss.
You see here a +0 spear.
Robin throws the goblin at you!
Items here: ))) [[ ††.
Things that are here:
a +0 hand axe; an orc skeleton The goblin attacks as it pursues you!
The goblin hits you with a +0 club.
The goblin no longer looks unusually strong.
There is a stone staircase leading up here.
You can't go down here!
You climb upwards.
There is a stone staircase leading down here.
HP restored. "Attack, my last stalwart servants!" 2 fire elementals come into view.
The fire elemental hits you. The fire elemental burns you!
The fire elemental barely misses you. The fire elemental hits you.
The fire elemental burns you!
* * * LOW HITPOINT WARNING * * *
The fire elemental hits you. The fire elemental burns you!
You die...

.....######.#####..# #######
#.(................# #...#♣P
#...........######.# #...##P
#..#.######## #.# #...##P #..#.#
#.# #...#P. ...#.# #.# #...#♣~
.○○#.# #.# #...#P.
.>.#.#############.# ###...#♣P
............○○EE@..# #..>..##P
..####.#.################.#####♣P
..# #.....# #........# ♣P ###
#.#.#.#######.######## PP #
#.#...........# ##♣
######.###.######### #
...........# ############ #


You could see 2 fire elementals.

Vanquished Creatures
  An orc wizard (D:2)
  2 gnolls (D:2)
  An adder (D:2)
  3 orcs (D:2)
  5 endoplasms
  A giant cockroach (D:1)
  3 goblins
  2 hobgoblins (D:1)
  4 jackals (D:2)
  2 quokkas (D:1)
  3 ball pythons
  3 bats
  3 frilled lizards
  13 kobolds (D:1)
  4 rats
50 creatures vanquished.

Notes
Turn   | Place    | Note
-------+----------+-------------------------------------------
     0 | D:1      | Gladio the Gargoyle Fighter began the quest for the Orb.
     0 | D:1      | Reached XP level 1. HP: 14/14 MP: 1/1
   176 | D:1      | Reached XP level 2. HP: 19/19 MP: 2/2
   580 | D:1      | Reached XP level 3. HP: 21/23 MP: 3/3
   595 | D:1      | Found a faded altar of an unknown god.
   599 | D:1      | Prayed at the altar of an unknown god.
   599 | D:1      | Became a worshipper of Ignis, the Dying Flame
  1134 | D:2      | Found a glowing golden altar of the Shining One.
  1143 | D:2      | Identified the +7 spear "Loynan" {flame, Str-4 Dex+7 SInv}
  1149 | D:2      | Fell from the grace of Ignis
  1149 | D:2      | Became a worshipper of the Shining One
  1187 | D:2      | Reached XP level 4. HP: 25/29 MP: 4/4
  1368 | D:2      | Noticed Robin
  1375 | D:2      | Reached skill level 1 in Invocations
  1466 | D:1      | Noticed a fire elemental
  1466 | D:1      | Noticed a fire elemental
  1480 | D:1      | Slain by a fire elemental

Illustrated notes

Levels and vault maps discovered:
D:1:      nicolae_arrival_washed_ashore, layout_loops_ring,
          hellmonk_ecumenical_altar_inner_sanctum, lexackson_kobold_supper
D:2:      layout_basic, basic_altar, minmay_misc_feat_plants, uniq_robin

Skill      XL: |  1  2  3  4 |
---------------+-------------+-----
Maces & Flails | 3 |  3.3
Invocations    | 1 |  1.0
Fighting       | |  3.9
Armour         | |  3.8
Shields        | |  3.9

Action                     |  1- 3 |  4- 6 || total
---------------------------+-------+-------++-------
  Melee: Flail             |   143 |    37 ||   180
  Throw: Boomerang         |     2 |       ||     2
    Use: Potion            |     1 |       ||     1
 Armour: Scale mail        |   107 |    51 ||   158
  Dodge: Dodged            |    60 |    26 ||    86
  Block: Buckler           |    34 |     9 ||    43

Table legend: (Time is in decaauts)
 A = Elapsed time spent in this place.
 B = Non-inter-level travel time spent in this place.
 C = Inter-level travel time spent in this place.
 D = Time resting spent in this place.
 E = Time spent auto-exploring this place.
 F = Levels seen in this place.
 G = Mean time per level.
                   A        B        C        D        E       F      G
               +--------+--------+--------+--------+--------+-----+--------+
         Total |   1535 |   1473 |     62 |      0 |   1053 |   2 |  767.5 |
       Dungeon |   1535 |   1473 |     62 |      0 |   1053 |   2 |  767.5 |
               +--------+--------+--------+--------+--------+-----+--------+

Top non-repeatable levels by time:
     D:1: 1175 daAuts
     D:2: 359 daAuts
